 Dungeon Crawl Stone Soup version 0.31-a0-744-gbc345e7 (webtiles) character file.

Game seed: 11536168964997964064

1098 Abyss the Covered (level 8, 0/70 HPs)
             Began as a Minotaur Berserker on Sept 12, 2023.
             Was an Elder of Trog.
             Succumbed to an orc wizard's poison
             ... on level 6 of the Dungeon on Sept 13, 2023.
             The game lasted 00:50:46 (5858 turns).

Abyss the Covered (Minotaur Berserker)              Turns: 5858, Time: 00:50:46

Health: 0/70       AC: 11    Str: 24    XL:     8   Next: 10%
Magic:  7/7        EV: 12    Int: 11    God:    Trog [****..]
Gold:   279        SH:  0    Dex: 10    Spells: 7/7 levels left

rFire   . . .        H - +1 short sword (protect)
rCold   . . .        (no shield)
rNeg    + . .        r - +3 ring mail
rPois   .            (helmet restricted)
rElec   .            (no cloak)
rCorr   .            o - +1 pair of gloves
SInv    .            a - -1 pair of boots of the Hunter {rN+ Int+7}
Will    .....        (no amulet)
Stlth   +            (no ring)
HPRegen 0.31/turn    (no ring)
MPRegen 0.10/turn

%: no passive effects
@: lethally poisoned (0 -> -3)
A: horns 2, retaliatory headbutt
a: Renounce Religion, Berserk, Trog's Hand, Brothers in Arms


You were on level 6 of the Dungeon.
You worshipped Trog.
Trog was greatly pleased with you.
You visited 2 branches of the dungeon, and saw 7 of its levels.
You also visited: Sewer.

You collected 279 gold pieces.

Inventory:

Hand Weapons
 i - a +3 short sword
 H - a +1 short sword of protection (weapon)
 I - a +0 dagger
 J - a +0 club
 N - a +0 short sword
 S - a +0 club
 X - a +0 spear
Missiles
 P - 8 poisoned darts (quivered)
Armour
 a - the -1 pair of boots of the Hunter (worn) {rN+ Int+7}
   (You found it on level 4 of the Dungeon)

   Int+7:     It affects your intelligence (+7).
   rN+:       It protects you from negative energy.
 b - a +0 animal skin
 d - a +0 robe
 o - a +1 pair of gloves (worn)
 q - a +0 chain mail
 r - a +3 ring mail (worn)
 t - a +0 scale mail
 u - a +0 pair of gloves
 x - a +0 robe
 R - a +0 leather armour
 U - a +0 scale mail
Jewellery
 T - a ring of willpower
 Z - an amulet of faith
Talismans
 l - a serpent talisman
Wands
 k - a wand of roots (6)
Scrolls
 c - 3 scrolls of immolation
 e - a scroll of torment {unknown}
 g - 2 scrolls of teleportation
 j - a scroll of enchant weapon {unknown}
 v - a scroll of fear {unknown}
 B - a scroll of silence {unknown}
 F - a scroll of enchant armour
 G - a scroll of acquirement {unknown}
 K - a scroll of vulnerability
 Q - a scroll of fog {unknown}
 Y - 2 scrolls of identify {unknown}
Potions
 h - a potion of enlightenment
 m - a potion of degeneration {unknown}
 D - 2 potions of might
 E - a potion of magic
 L - a potion of experience {unknown}
 M - a potion of brilliance
 V - a potion of invisibility {unknown}
 W - a potion of attraction {unknown}


   Skills:
 + Level 6.2 Fighting
 + Level 3.4 Short Blades
 + Level 6.0 Polearms
 + Level 6.3 Armour
 + Level 5.2 Dodging
 + Level 0.4 Stealth


You had 7 spell levels left.
You didn't know any spells.
Your spell library was empty.

Dungeon Overview and Level Annotations

Branches:
Dungeon (6/15)             Temple (1/1) D:5           Sewer (visited)

Altars:
Ashenzari
Dithmenos
Elyvilon
Fedhas
Gozag
Hepliaklqana
Kikubaaqudgha
Makhleb
Nemelex Xobeh
Okawaru
Qazlal
Ru
Sif Muna
Trog
Uskayaw
Vehumet
Wu Jian
Xom
Yredelemnul
Zin
The Shining One


Innate Abilities, Weirdness & Mutations

You have a pair of horns on your head.
You reflexively headbutt those who attack you in melee.


Message History

* * * LOW HITPOINT WARNING * * *
x2 You feel extremely sick.
The orc hits you with a +0 whip.
* * * LOW HITPOINT WARNING * * *
You feel better.
You are engulfed in poison gas.
You are poisoned.
* * * LOW HITPOINT WARNING * * *
x2 You feel very sick.
The orc barely misses you. You furiously retaliate!
You headbutt the orc. Something hits you but does no damage.
You are lethally poisoned!
Something hits the orc.
Blink to where?
Press: ? - help, Q - select action, (/) - cycle Dir - move target
As you read the scroll of blinking, it crumbles to dust.
* * * LOW HITPOINT WARNING * * *
You feel very sick.
* * * LOW HITPOINT WARNING * * *
You feel very sick.
You feel a bit more experienced.
It was a potion of might.
You feel very mighty all of a sudden.
* * * LOW HITPOINT WARNING * * *
You feel sick.
It was a potion of enlightenment.
You feel very buoyant.
You fly up into the air.
* * * LOW HITPOINT WARNING * * *
You feel sick.
You aren't wearing any rings or amulets.
Okay, then.
It was a potion of magic.
Magic courses through your body.
* * * LOW HITPOINT WARNING * * *
You feel sick.
Something hits the orc.
Okay, then.
It was a potion of cancellation.
Your magical effects are unravelling.
You feel magically purged.
You float gracefully downwards.
You feel a little less mighty now.
Your enlightenment fades.
You die...

.......(.........
##.#.#o#..○.....#
#.#.#☼..♣♣○..# #
#.#.#☼°♣♣.♣..# ...
# #.#o#.°♣.....#..#
#.#.#...°○.♣......#
#...>...°☼.†......#
###............#.#
#.@###.####..#.#
#......# #..#.#
#.##.### #..#>#
#.##.# #..#.#
#.##.# #..#.###.
#.##.######..#.....
#.##.#.............
#.....<#####.######
####.### #.#


You could see 2 orcs.

Vanquished Creatures
  A water moccasin (D:5)
  2 ice beasts
  The ghost of ooops the Conjurer, an amateur OpCj (D:4)
  2 scorpions
  4 killer bees (D:6)
  A howler monkey (D:6)
  2 jellies (D:6)
  A hound (D:6)
  A sleepcap (D:5)
  3 orc wizards
  5 gnolls
  5 adders
  A white imp (D:6)
  An ufetubus (D:5)
  2 worms (D:3)
  3 dart slugs
  16 orcs
  6 endoplasms
  3 giant cockroaches
  3 hobgoblins
  6 jackals
  13 kobolds
  A quokka (D:4)
  5 ball pythons
  10 bats
  13 frilled lizards
  3 goblins
  10 rats
124 creatures vanquished.

Vanquished Creatures (others)
  An orc (D:6)
1 creature vanquished.

Grand Total: 125 creatures vanquished

Notes
Turn   | Place    | Note
-------+----------+-------------------------------------------
     0 | D:1      | Abyss the Minotaur Berserker began the quest for the Orb.
     0 | D:1      | Reached XP level 1. HP: 19/19 MP: 0/0
   243 | D:1      | Reached XP level 2. HP: 27/27 MP: 1/1
   497 | D:1      | Reached XP level 3. HP: 26/33 MP: 2/2
   742 | D:1      | Reached ** piety under Trog
  1636 | D:3      | Found a glowing drain.
  1657 | D:3      | Reached XP level 4. HP: 40/40 MP: 3/3
  1666 | Sewer    | Entered a sewer
  1913 | Sewer    | Reached *** piety under Trog
  2124 | D:3      | Found a glowing golden altar of the Shining One.
  2312 | D:3      | Found a faded altar of an unknown god.
  2728 | D:4      | Found a runed translucent door.
  2827 | D:4      | Noticed ooops's ghost (amateur OpCj)
  2856 | D:4      | Found a burning altar of Makhleb.
  2861 | D:4      | Noticed a scorpion
  2869 | D:4      | Reached XP level 5. HP: 33/47 MP: 4/4
  2963 | D:4      | Identified the -1 pair of boots of the Hunter {rN+ Int+7}
  3195 | D:4      | Upgraded the game from 0.31-a0-740-g87205ac to
                  | 0.31-a0-744-gbc345e7
  3263 | D:4      | Found a blossoming altar of Fedhas.
  3598 | D:4      | Killed ooops's ghost
  3599 | D:4      | Reached skill level 5 in Fighting
  3599 | D:4      | Reached skill level 5 in Polearms
  3599 | D:4      | Reached XP level 6. HP: 56/56 MP: 5/5
  3839 | D:5      | Entered Level 5 of the Dungeon
  3911 | D:5      | Noticed a water moccasin
  3922 | D:5      | Killed a water moccasin
  3986 | D:5      | Found a staircase to the Ecumenical Temple.
  3986 | D:5      | Noticed an ice beast
  3999 | D:5      | Killed an ice beast
  4000 | D:5      | Reached skill level 5 in Armour
  4055 | D:5      | Reached XP level 7. HP: 52/61 MP: 6/6
  5139 | Temple   | Entered the Ecumenical Temple
  5427 | D:6      | Reached skill level 5 in Dodging
  5430 | D:6      | Reached skill level 1 in Short Blades
  5741 | D:6      | Reached XP level 8. HP: 56/70 MP: 7/7
  5833 | D:6      | Reached **** piety under Trog
  5856 | D:6      | HP: 3/70 [poisoned by an orc wizard]
  5857 | D:6      | HP: 1/70 [poisoned by an orc wizard]
  5858 | D:6      | Succumbed to an orc wizard's poison

Illustrated notes

Levels and vault maps discovered:
D:1:      dpeg_arrival_water_temple_mockup, layout_basic, minmay_lizard_pond
D:2:      layout_rooms
D:3:      layout_basic, lemuel_tele_altar, ebering_ecumenical_altar_petrified,
          cheibrodos_sewer_entry_sluice
D:4:      layout_rooms, mainiacjoe_overflow_catwalk_spiral,
          ebering_ghost_reflecting_pool
D:5:      layout_basic, minmay_temple_entry_water_ring
D:6:      layout_loops_ring, chequers_garden
Temple:   hc_temple_tempest_star

Skill      XL: |  1  2  3  4  5  6  7 |
---------------+----------------------+-----
Fighting       | 4 5 6 |  6.2
Polearms       | 4 5 6 |  6.0
Armour         | 3 4 5 6 |  6.3
Dodging        | 3 4 5 |  5.2
Short Blades   | 3 |  3.4
Stealth        | |  0.4

Action                     |  1- 3 |  4- 6 |  7- 9 || total
---------------------------+-------+-------+-------++-------
  Melee: Spear             |   104 |    97 |       ||   201
         Headbutt          |    16 |    50 |    16 ||    82
         Short sword       |       |   113 |   143 ||   256
         Punch             |       |     2 |     1 ||     3
  Throw: Dart              |       |       |     1 ||     1
 Invoke: Berserk           |       |       |     1 ||     1
    Use: Scroll            |       |     6 |     2 ||     8
         Potion            |       |     2 |     6 ||     8
 Armour: Animal skin       |    53 |       |       ||    53
         Ring mail         |    12 |   122 |   151 ||   285
  Dodge: Dodged            |    83 |   103 |    86 ||   272

Table legend: (Time is in decaauts)
 A = Elapsed time spent in this place.
 B = Non-inter-level travel time spent in this place.
 C = Inter-level travel time spent in this place.
 D = Time resting spent in this place.
 E = Time spent auto-exploring this place.
 F = Levels seen in this place.
 G = Mean time per level.
                   A        B        C        D        E       F      G
               +--------+--------+--------+--------+--------+-----+--------+
         Total |   5916 |   5709 |    207 |    247 |    633 |   8 |  739.5 |
       Dungeon |   5406 |   5199 |    207 |    247 |    633 |   6 |  901.0 |
        Temple |    106 |    106 |      0 |      0 |      0 |   1 |  106.0 |
         Sewer |    403 |    403 |      0 |      0 |      0 |   1 |  403.0 |
               +--------+--------+--------+--------+--------+-----+--------+

Top non-repeatable levels by time:
     D:5: 1325 daAuts
     D:4: 1219 daAuts
     D:1: 939 daAuts
     D:3: 868 daAuts
     D:6: 556 daAuts
     D:2: 497 daAuts
   Sewer: 403 daAuts
  Temple: 106 daAuts
